Workbook
Name CircuitBreak: Control!$C$4
Name CircuitBreaker: [2]Control!$C$4

Sheet Cover Sheet
C5: Your name: | E5: Michael Vitale
E9: Wisconsin School of Business
E10: Three-Statement Integrated Model Assessment
E11: w/ Cash Sweep & Waterfall Debt Schedule (TEMPLATE)
E15: Includes: drivers, operating model w/ cash sweep & waterfall
E16: debt schedule, circular interest, summary statistics
E19: Intended for use by the University of Wisconsin, its students and alumni only
E23: Version: Fall 2019

Sheet Blank

Sheet Control
B2: Control
A4: Circuit breaker ON = 1 (Interest = 0)) | B4: Circuit Breaker | C4: 0
A5: Circuit breaker OFF = 0 (Interest = #)

Sheet Drivers
B2: Drivers
D4: ='Operating Model'!D4 -> Hist-3 | E4: ='Operating Model'!E4 -> Hist-2 | F4: ='Operating Model'!F4 -> Hist-1 | G4: ='Operating Model'!G4 -> Proj-1 | H4: ='Operating Model'!H4 -> Proj-2 | I4: ='Operating Model'!I4 -> Proj-3 | J4: ='Operating Model'!J4 -> Proj-4 | K4: ='Operating Model'!K4 -> Proj-5
B5: Income Statement Drivers
B6: Expense Assumptions
C7: Revenue growth % | E7: ='Operating Model'!E7/'Operating Model'!D7-1 -> 0.039630119 | F7: ='Operating Model'!F7/'Operating Model'!E7-1 -> 0.01270648 | G7: 0.0225 | H7: 0.0225 | I7: 0.0225 | J7: 0.0225 | K7: 0.0225
C8: COGs as % of sales | D8: ='Operating Model'!D10/'Operating Model'!D7 -> 0.56390357 | E8: ='Operating Model'!E10/'Operating Model'!E7 -> 0.56623253 | F8: ='Operating Model'!F10/'Operating Model'!F7 -> 0.58406524 | G8: 0.57 | H8: 0.57 | I8: 0.57 | J8: 0.57 | K8: 0.57
C9: SG&A as % of sales | D9: ='Operating Model'!D14/'Operating Model'!D$7 -> 0.096268164 | E9: ='Operating Model'!E14/'Operating Model'!E$7 -> 0.093869123 | F9: ='Operating Model'!F14/'Operating Model'!F$7 -> 0.096141782 | G9: 0.093 | H9: 0.09 | I9: 0.087 | J9: 0.085 | K9: 0.085
C10: Advertising & marketing costs as % sales | D10: ='Operating Model'!D15/'Operating Model'!D$7 -> 0.071664465 | E10: ='Operating Model'!E15/'Operating Model'!E$7 -> 0.070997459 | F10: ='Operating Model'!F15/'Operating Model'!F$7 -> 0.071361355 | G10: 0.071 | H10: 0.071 | I10: 0.071 | J10: 0.071 | K10: 0.071
C11: R&D as % of sales | D11: ='Operating Model'!D16/'Operating Model'!D$7 -> 0.025099075 | E11: ='Operating Model'!E16/'Operating Model'!E$7 -> 0.026207116 | F11: ='Operating Model'!F16/'Operating Model'!F$7 -> 0.027132999 | G11: 0.027 | H11: 0.027 | I11: 0.027 | J11: 0.027 | K11: 0.027
C12: Amortization $ amount | D12: ='Operating Model'!D17 -> 24 | E12: ='Operating Model'!E17 -> 24 | F12: ='Operating Model'!F17 -> 25 | G12: 25 | H12: 25 | I12: 25 | J12: 25 | K12: 25
C13: Depreciation as % of sales | D13: ='Operating Model'!D18/'Operating Model'!D$7 -> 0.033025099 | E13: ='Operating Model'!E18/'Operating Model'!E$7 -> 0.033513342 | F13: ='Operating Model'!F18/'Operating Model'!F$7 -> 0.035915935 | G13: 0.035 | H13: 0.035 | I13: 0.035 | J13: 0.035 | K13: 0.035
C14: Non-recurring expense / (income) $ amount | D14: ='Operating Model'!D25 -> 0 | E14: ='Operating Model'!E25 -> 2 | F14: ='Operating Model'!F25 -> 0 | G14: 0 | H14: 0 | I14: 0 | J14: 0 | K14: 0
C15: Effective tax rate | D15: ='Operating Model'!D32 -> 0.31180017 | E15: ='Operating Model'!E32 -> 0.29617304 | F15: ='Operating Model'!F32 -> 0.23314607 | G15: 0.24 | H15: 0.24 | I15: 0.24 | J15: 0.24 | K15: 0.24
C16: Marginal tax rate | F16: 0.24
B18: Per Share Assumptions
C19: Basic WASO | D19: ='Operating Model'!D40 -> 41.939 | E19: ='Operating Model'!E40 -> 42.72 | F19: ='Operating Model'!F40 -> 42.72 | G19: 42.72 | H19: 42.72 | I19: 42.72 | J19: 42.72 | K19: 42.72
C20: Diluted WASO | D20: ='Operating Model'!D41 -> 43.628 | E20: ='Operating Model'!E41 -> 43.628 | F20: ='Operating Model'!F41 -> 43.628 | G20: 43.628 | H20: 43.628 | I20: 43.628 | J20: 43.628 | K20: 43.628
C21: Dividend per share (DPS) growth rate % | E21: ='Operating Model'!E48 -> 0.011858635 | F21: ='Operating Model'!F48 -> 0.017021277 | G21: 0.015 | H21: 0.015 | I21: 0.015 | J21: 0.015 | K21: 0.015
B23: Balance Sheet Drivers
B24: Assets
C25: Receivables as % of sales | E25: ='Operating Model'!E55/'Operating Model'!E$7 -> 0.11626429 | F25: ='Operating Model'!F55/'Operating Model'!F$7 -> 0.1270389 | G25: 0.127 | H25: 0.127 | I25: 0.127 | J25: 0.127 | K25: 0.127
C26: Inventories as % of COGs | E26: ='Operating Model'!E56/'Operating Model'!E10 -> 0.21795231 | F26: ='Operating Model'!F56/'Operating Model'!F10 -> 0.21374866 | G26: 0.21 | H26: 0.21 | I26: 0.21 | J26: 0.21 | K26: 0.21
C27: Prepaid expenses and other current assets as % sales | E27: ='Operating Model'!E57/'Operating Model'!E$7 -> 0.018583227 | F27: ='Operating Model'!F57/'Operating Model'!F$7 -> 0.019134253 | G27: 0.02 | H27: 0.02 | I27: 0.02 | J27: 0.02 | K27: 0.02
C28: Capex as % of sales | D28: ='Operating Model'!D90/'Operating Model'!D7 -> 0.014200793 | E28: ='Operating Model'!E90/'Operating Model'!E7 -> 0.014612452 | F28: ='Operating Model'!F90/'Operating Model'!F7 -> 0.015840652 | G28: 0.016 | H28: 0.016 | I28: 0.016 | J28: 0.016 | K28: 0.016
C29: Goodwill $ amount | E29: ='Operating Model'!E61 -> 1730 | F29: ='Operating Model'!F61 -> 1369 | G29: 1369 | H29: 1369 | I29: 1369 | J29: 1369 | K29: 1369
C30: Purchase of intangibles $ amount | E30: N/A | F30: N/A | G30: 5 | H30: 5 | I30: 5 | J30: 5 | K30: 5
C31: Other long-term assets as % of sales | E31: ='Operating Model'!E63/'Operating Model'!E7 -> 0.038119441 | F31: ='Operating Model'!F63/'Operating Model'!F7 -> 0.035602258 | G31: 0.036 | H31: 0.036 | I31: 0.036 | J31: 0.036 | K31: 0.036
B33: Liabilities
C34: Accounts payable as % of COGs | E34: ='Operating Model'!E68/'Operating Model'!E10 -> 0.16297335 | F34: ='Operating Model'!F68/'Operating Model'!F10 -> 0.15708915 | G34: 0.16 | H34: 0.16 | I34: 0.16 | J34: 0.16 | K34: 0.16
C35: Other current liabilities as % of sales | E35: ='Operating Model'!E69/'Operating Model'!E7 -> 0.019377382 | F35: ='Operating Model'!F69/'Operating Model'!F7 -> 0.029485571 | G35: 0.03 | H35: 0.03 | I35: 0.03 | J35: 0.03 | K35: 0.03
C36: Other long-term liabilities as % of sales | E36: ='Operating Model'!E73/'Operating Model'!E7 -> 0.13341804 | F36: ='Operating Model'!F73/'Operating Model'!F7 -> 0.1303325 | G36: 0.13 | H36: 0.13 | I36: 0.13 | J36: 0.13 | K36: 0.13
C37: Deferred tax liabilities $ amount | E37: ='Operating Model'!E74 -> 78 | F37: ='Operating Model'!F74 -> 66 | G37: 70 | H37: 72 | I37: 75 | J37: 77 | K37: 80
B39: Equity
C40: Share issuance / (repurchase) $ amount | E40: N/A | F40: N/A | G40: -10 | H40: -10 | I40: -10 | J40: -10 | K40: -10
B42: Debt Schedule
B43: Cash
C44: Operating cash as % sales | E44: N/A | F44: N/A | G44: 0.01 | H44: 0.01 | I44: 0.01 | J44: 0.01 | K44: 0.01
C45: Interest income rate on cash | G45: 0.025
B47: Interest Rates on Debt
C48: Shot-term debt / revolver | E48: N/A | F48: N/A | G48: 0.055
C49: Debt 1 | E49: N/A | F49: N/A | G49: 0.06
C50: Debt 2 | E50: N/A | F50: N/A | G50: 0.062
C51: Debt 3 | E51: N/A | F51: N/A | G51: 0.07

Sheet Operating Model
B2: Operating Model
B3: $MM unless otherwise noted | D3: Fiscal Year Ending December 31
D4: Hist-3 | E4: Hist-2 | F4: Hist-1 | G4: Proj-1 | H4: Proj-2 | I4: Proj-3 | J4: Proj-4 | K4: Proj-5
B5: Income Statement
C7: Total Sales | D7: 6056 | E7: 6296 | F7: 6376 | G7: =F7*(1+Drivers!G7) -> 6519.46 | H7: =G7*(1+Drivers!H7) -> 6666.1478 | I7: =H7*(1+Drivers!I7) -> 6816.1362 | J7: =I7*(1+Drivers!J7) -> 6969.4992 | K7: =J7*(1+Drivers!K7) -> 7126.313
C8: % growth | E8: =E7/D7-1 -> 0.039630119 | F8: =F7/E7-1 -> 0.01270648 | G8: =G7/F7-1 -> 0.0225 | H8: =H7/G7-1 -> 0.0225 | I8: =I7/H7-1 -> 0.0225 | J8: =J7/I7-1 -> 0.0225 | K8: =K7/J7-1 -> 0.0225
C10: Cost of Goods Sold | D10: 3415 | E10: 3565 | F10: 3724 | G10: =Drivers!G8*'Operating Model'!G7 -> 3716.0922 | H10: =Drivers!H8*'Operating Model'!H7 -> 3799.7043 | I10: =Drivers!I8*'Operating Model'!I7 -> 3885.1976 | J10: =Drivers!J8*'Operating Model'!J7 -> 3972.6146 | K10: =Drivers!K8*'Operating Model'!K7 -> 4061.9984
C11: Gross Profit | D11: =D7-D10 -> 2641 | E11: =E7-E10 -> 2731 | F11: =F7-F10 -> 2652 | G11: =G7-G10 -> 2803.3678 | H11: =H7-H10 -> 2866.4436 | I11: =I7-I10 -> 2930.9386 | J11: =J7-J10 -> 2996.8847 | K11: =K7-K10 -> 3064.3146
C12: % margin | D12: =D11/D7 -> 0.43609643 | E12: =E11/E7 -> 0.43376747 | F12: =F11/F7 -> 0.41593476 | G12: =G11/G7 -> 0.43 | H12: =H11/H7 -> 0.43 | I12: =I11/I7 -> 0.43 | J12: =J11/J7 -> 0.43 | K12: =K11/K7 -> 0.43
C14: SG&A | D14: 583 | E14: 591 | F14: 613 | G14: =Drivers!G9*'Operating Model'!G7 -> 606.30978 | H14: =Drivers!H9*'Operating Model'!H7 -> 599.95331 | I14: =Drivers!I9*'Operating Model'!I7 -> 593.00385 | J14: =Drivers!J9*'Operating Model'!J7 -> 592.40744 | K14: =Drivers!K9*'Operating Model'!K7 -> 605.7366
C15: Advertising & Marketing | D15: 434 | E15: 447 | F15: 455 | G15: =Drivers!G10*'Operating Model'!G7 -> 462.88166 | H15: =Drivers!H10*'Operating Model'!H7 -> 473.2965 | I15: =Drivers!I10*'Operating Model'!I7 -> 483.94567 | J15: =Drivers!J10*'Operating Model'!J7 -> 494.83445 | K15: =Drivers!K10*'Operating Model'!K7 -> 505.96822
C16: Research & Development (R&D) | D16: 152 | E16: 165 | F16: 173 | G16: =Drivers!G11*'Operating Model'!G7 -> 176.02542 | H16: =Drivers!H11*'Operating Model'!H7 -> 179.98599 | I16: =Drivers!I11*'Operating Model'!I7 -> 184.03568 | J16: =Drivers!J11*'Operating Model'!J7 -> 188.17648 | K16: =Drivers!K11*'Operating Model'!K7 -> 192.41045
C17: Amortization | D17: 24 | E17: 24 | F17: 25 | G17: =Drivers!G12 -> 25 | H17: =Drivers!H12 -> 25 | I17: =Drivers!I12 -> 25 | J17: =Drivers!J12 -> 25 | K17: =Drivers!K12 -> 25
C18: Depreciation | D18: 200 | E18: 211 | F18: 229 | G18: =Drivers!G13*'Operating Model'!G7 -> 228.1811 | H18: =Drivers!H13*'Operating Model'!H7 -> 233.31517 | I18: =Drivers!I13*'Operating Model'!I7 -> 238.56477 | J18: =Drivers!J13*'Operating Model'!J7 -> 243.93247 | K18: =Drivers!K13*'Operating Model'!K7 -> 249.42095
C20: EBIT | D20: =D11-D14-D15-D16-D17-D18 -> 1248 | E20: =E11-E14-E15-E16-E17-E18 -> 1293 | F20: =F11-F14-F15-F16-F17-F18 -> 1157 | G20: =G11-G14-G15-G16-G17-G18 -> 1304.9698 | H20: =H11-H14-H15-H16-H17-H18 -> 1354.8926 | I20: =I11-I14-I15-I16-I17-I18 -> 1406.3886 | J20: =J11-J14-J15-J16-J17-J18 -> 1452.5338 | K20: =K11-K14-K15-K16-K17-K18 -> 1485.7784
C21: % margin | D21: =D20/D7 -> 0.20607662 | E21: =E20/E7 -> 0.20536849 | F21: =F20/F7 -> 0.18146173 | G21: =G20/G7 -> 0.20016533 | H21: =H20/H7 -> 0.20324971 | I21: =I20/I7 -> 0.20633223 | J21: =J20/J7 -> 0.20841294 | K21: =K20/K7 -> 0.20849187
C22: EBITDA | D22: =D20+D17+D18 -> 1472 | E22: =E20+E17+E18 -> 1528 | F22: =F20+F17+F18 -> 1411 | G22: =G20+G17+G18 -> 1558.1509 | H22: =H20+H17+H18 -> 1613.2078 | I22: =I20+I17+I18 -> 1669.9534 | J22: =J20+J17+J18 -> 1721.4663 | K22: =K20+K17+K18 -> 1760.1993
C23: % margin | D23: =D22/D7 -> 0.24306473 | E23: =E22/E7 -> 0.24269377 | F23: =F22/F7 -> 0.22129862 | G23: =G22/G7 -> 0.239 | H23: =H22/H7 -> 0.242 | I23: =I22/I7 -> 0.245 | J23: =J22/J7 -> 0.247 | K23: =K22/K7 -> 0.247
C25: Non-Recurring Expense / (Income) | D25: 0 | E25: 2 | F25: 0 | G25: =Drivers!G14 -> 0 | H25: =Drivers!H14 -> 0 | I25: =Drivers!I14 -> 0 | J25: =Drivers!J14 -> 0 | K25: =Drivers!K14 -> 0
C26: Interest Income | D26: 8 | E26: 6 | F26: 3 | G26: =IF(CircuitBreak=1,0,G193) -> 6.4524325 | H26: =IF(CircuitBreak=1,0,H193) -> 1.648201 | I26: =IF(CircuitBreak=1,0,I193) -> 1.6852855 | J26: =IF(CircuitBreak=1,0,J193) -> 3.366644 | K26: =IF(CircuitBreak=1,0,K193) -> 17.849382
C27: Interest Expense | D27: 95 | E27: 95 | F27: 92 | G27: =IF(CircuitBreak=1,0,G191) -> 188.09823 | H27: =IF(CircuitBreak=1,0,H191) -> 132.85645 | I27: =IF(CircuitBreak=1,0,I191) -> 82.119146 | J27: =IF(CircuitBreak=1,0,J191) -> 27.498428 | K27: =IF(CircuitBreak=1,0,K191) -> 0
C29: Income before Taxes | D29: =D20-D25+D26-D27 -> 1161 | E29: =E20-E25+E26-E27 -> 1202 | F29: =F20-F25+F26-F27 -> 1068 | G29: =G20-G25+G26-G27 -> 1123.324 | H29: =H20-H25+H26-H27 -> 1223.6844 | I29: =I20-I25+I26-I27 -> 1325.9547 | J29: =J20-J25+J26-J27 -> 1428.4021 | K29: =K20-K25+K26-K27 -> 1503.6277
C31: Tax Expense | D31: 362 | E31: 356 | F31: 249 | G31: =Drivers!G15*G29 -> 269.59777 | H31: =Drivers!H15*H29 -> 293.68424 | I31: =Drivers!I15*I29 -> 318.22914 | J31: =Drivers!J15*J29 -> 342.81649 | K31: =Drivers!K15*K29 -> 360.87066
C32: % effective tax rate | D32: =D31/D29 -> 0.31180017 | E32: =E31/E29 -> 0.29617304 | F32: =F31/F29 -> 0.23314607 | G32: =G31/G29 -> 0.24 | H32: =H31/H29 -> 0.24 | I32: =I31/I29 -> 0.24 | J32: =J31/J29 -> 0.24 | K32: =K31/K29 -> 0.24
C34: Reported Net Income | D34: =D29-D31 -> 799 | E34: =E29-E31 -> 846 | F34: =F29-F31 -> 819 | G34: =G29-G31 -> 853.72627 | H34: =H29-H31 -> 930.00011 | I34: =I29-I31 -> 1007.7256 | J34: =J29-J31 -> 1085.5856 | K34: =K29-K31 -> 1142.7571
C35: After-tax non-recurring items | D35: =(1-Drivers!$F$16)*'Operating Model'!D25 -> 0 | E35: =(1-Drivers!$F$16)*'Operating Model'!E25 -> 1.52 | F35: =(1-Drivers!$F$16)*'Operating Model'!F25 -> 0 | G35: =(1-Drivers!$F$16)*'Operating Model'!G25 -> 0 | H35: =(1-Drivers!$F$16)*'Operating Model'!H25 -> 0 | I35: =(1-Drivers!$F$16)*'Operating Model'!I25 -> 0 | J35: =(1-Drivers!$F$16)*'Operating Model'!J25 -> 0 | K35: =(1-Drivers!$F$16)*'Operating Model'!K25 -> 0
C37: Normalized Net Income | D37: =D34+D35 -> 799 | E37: =E34+E35 -> 847.52 | F37: =F34+F35 -> 819 | G37: =G34+G35 -> 853.72627 | H37: =H34+H35 -> 930.00011 | I37: =I34+I35 -> 1007.7256 | J37: =J34+J35 -> 1085.5856 | K37: =K34+K35 -> 1142.7571
C40: Basic Weighted-Average Shares Outstanding | D40: 41.939 | E40: 42.72 | F40: 42.72 | G40: =Drivers!G19 -> 42.72 | H40: =Drivers!H19 -> 42.72 | I40: =Drivers!I19 -> 42.72 | J40: =Drivers!J19 -> 42.72 | K40: =Drivers!K19 -> 42.72
C41: Diluted Weighted-Average Shares Outstanding | D41: 43.628 | E41: 43.628 | F41: 43.628 | G41: =Drivers!G20 -> 43.628 | H41: =Drivers!H20 -> 43.628 | I41: =Drivers!I20 -> 43.628 | J41: =Drivers!J20 -> 43.628 | K41: =Drivers!K20 -> 43.628
C43: Basic EPS | D43: =D37/D40 -> 19.05148 | E43: =E37/E40 -> 19.838951 | F43: =F37/F40 -> 19.171348 | G43: =G37/G40 -> 19.984229 | H43: =H37/H40 -> 21.769665 | I43: =I37/I40 -> 23.589082 | J43: =J37/J40 -> 25.411647 | K43: =K37/K40 -> 26.749932
C44: Diluted EPS | D44: =D37/D41 -> 18.313927 | E44: =E37/E41 -> 19.426057 | F44: =F37/F41 -> 18.772348 | G44: =G37/G41 -> 19.568311 | H44: =H37/H41 -> 21.316588 | I44: =I37/I41 -> 23.098139 | J44: =J37/J41 -> 24.882772 | K44: =K37/K41 -> 26.193203
C46: Dividends | D46: 228 | E46: 235 | F46: 239 | G46: =G47*G40 -> 242.585 | H46: =H47*H40 -> 246.22377 | I46: =I47*I40 -> 249.91713 | J46: =J47*J40 -> 253.66589 | K46: =K47*K40 -> 257.47088
C47: Dividend Per Share (DPS) | D47: =D46/D40 -> 5.4364673 | E47: =E46/E40 -> 5.5009363 | F47: =F46/F40 -> 5.5945693 | G47: =(1+G48)*F47 -> 5.6784878 | H47: =(1+H48)*G47 -> 5.7636651 | I47: =(1+I48)*H47 -> 5.8501201 | J47: =(1+J48)*I47 -> 5.9378719 | K47: =(1+K48)*J47 -> 6.02694
C48: Dividend per share (DPS) growth rate % | E48: =E47/D47-1 -> 0.011858635 | F48: =F47/E47-1 -> 0.017021277 | G48: =Drivers!G21 -> 0.015 | H48: =Drivers!H21 -> 0.015 | I48: =Drivers!I21 -> 0.015 | J48: =Drivers!J21 -> 0.015 | K48: =Drivers!K21 -> 0.015
D51: =D4 -> Hist-3 | E51: =E4 -> Hist-2 | F51: =F4 -> Hist-1 | G51: =G4 -> Proj-1 | H51: =H4 -> Proj-2 | I51: =I4 -> Proj-3 | J51: =J4 -> Proj-4 | K51: =K4 -> Proj-5
B52: Balance Sheet
C54: Cash | E54: 141 | F54: 451 | G54: =G147 -> 65.1946 | H54: =H147 -> 66.661478 | I54: =I147 -> 68.161361 | J54: =J147 -> 201.17016 | K54: =K147 -> 1226.7804
C55: Accounts receivable | E55: 732 | F55: 810 | G55: =Drivers!G25*'Operating Model'!G7 -> 827.97142 | H55: =Drivers!H25*'Operating Model'!H7 -> 846.60078 | I55: =Drivers!I25*'Operating Model'!I7 -> 865.64929 | J55: =Drivers!J25*'Operating Model'!J7 -> 885.1264 | K55: =Drivers!K25*'Operating Model'!K7 -> 905.04175
C56: Inventories | E56: 777 | F56: 796 | G56: =G10*Drivers!G26 -> 780.37936 | H56: =H10*Drivers!H26 -> 797.9379 | I56: =I10*Drivers!I26 -> 815.8915 | J56: =J10*Drivers!J26 -> 834.24906 | K56: =K10*Drivers!K26 -> 853.01966
C57: Prepaid expenses & other current assets | E57: 117 | F57: 122 | G57: =Drivers!G27*'Operating Model'!G7 -> 130.3892 | H57: =Drivers!H27*'Operating Model'!H7 -> 133.32296 | I57: =Drivers!I27*'Operating Model'!I7 -> 136.32272 | J57: =Drivers!J27*'Operating Model'!J7 -> 139.38998 | K57: =Drivers!K27*'Operating Model'!K7 -> 142.52626
C58: Current Assets | E58: =SUM(E54:E57) -> 1767 | F58: =SUM(F54:F57) -> 2179 | G58: =SUM(G54:G57) -> 1803.9346 | H58: =SUM(H54:H57) -> 1844.5231 | I58: =SUM(I54:I57) -> 1886.0249 | J58: =SUM(J54:J57) -> 2059.9356 | K58: =SUM(K54:K57) -> 3127.3681
C60: PP&E, net | E60: 994 | F60: 1005 | G60: =G92 -> 881.13026 | H60: =H92 -> 754.47345 | I60: =I92 -> 624.96686 | J60: =J92 -> 492.54638 | K60: =K92 -> 357.14643
C61: Goodwill | E61: 1730 | F61: 1369 | G61: =Drivers!G29 -> 1369 | H61: =Drivers!H29 -> 1369 | I61: =Drivers!I29 -> 1369 | J61: =Drivers!J29 -> 1369 | K61: =Drivers!K29 -> 1369
C62: Intangible assets | E62: 858 | F62: 826 | G62: =G98 -> 806 | H62: =H98 -> 786 | I62: =I98 -> 766 | J62: =J98 -> 746 | K62: =K98 -> 726
C63: Other long-term assets | E63: 240 | F63: 227 | G63: =Drivers!G31*'Operating Model'!G7 -> 234.70056 | H63: =Drivers!H31*'Operating Model'!H7 -> 239.98132 | I63: =Drivers!I31*'Operating Model'!I7 -> 245.3809 | J63: =Drivers!J31*'Operating Model'!J7 -> 250.90197 | K63: =Drivers!K31*'Operating Model'!K7 -> 256.54727
C65: Total Assets | E65: =SUM(E60:E63,E58) -> 5589 | F65: =SUM(F60:F63,F58) -> 5606 | G65: =SUM(G60:G63,G58) -> 5094.7654 | H65: =SUM(H60:H63,H58) -> 4993.9779 | I65: =SUM(I60:I63,I58) -> 4891.3726 | J65: =SUM(J60:J63,J58) -> 4918.384 | K65: =SUM(K60:K63,K58) -> 5836.0618
C67: Revolver / ST debt | E67: 1346 | F67: =F162 -> 1465 | G67: =G162 -> 314.93578 | H67: =H162 -> 0 | I67: =I162 -> 0 | J67: =J162 -> 0 | K67: =K162 -> 0
C68: Accounts payable | E68: 581 | F68: 585 | G68: =Drivers!G34*'Operating Model'!G10 -> 594.57475 | H68: =Drivers!H34*'Operating Model'!H10 -> 607.95268 | I68: =Drivers!I34*'Operating Model'!I10 -> 621.63162 | J68: =Drivers!J34*'Operating Model'!J10 -> 635.61833 | K68: =Drivers!K34*'Operating Model'!K10 -> 649.91974
C69: Other current liabilities | E69: 122 | F69: 188 | G69: =Drivers!G35*'Operating Model'!G7 -> 195.5838 | H69: =Drivers!H35*'Operating Model'!H7 -> 199.98444 | I69: =Drivers!I35*'Operating Model'!I7 -> 204.48409 | J69: =Drivers!J35*'Operating Model'!J7 -> 209.08498 | K69: =Drivers!K35*'Operating Model'!K7 -> 213.78939
C70: Current Liabilities | E70: =SUM(E67:E69) -> 2049 | F70: =SUM(F67:F69) -> 2238 | G70: =SUM(G67:G69) -> 1105.0943 | H70: =SUM(H67:H69) -> 807.93712 | I70: =SUM(I67:I69) -> 826.1157 | J70: =SUM(J67:J69) -> 844.70331 | K70: =SUM(K67:K69) -> 863.70913
C72: Long term debt | E72: 2392 | F72: =F170+F178+F186 -> 2225 | G72: =G189 -> 2225 | H72: =H189 -> 1726.5239 | I72: =I189 -> 835.43317 | J72: =J189 -> 0 | K72: =K189 -> 0
C73: Other long-term liabilities | E73: 840 | F73: 831 | G73: =Drivers!G36*'Operating Model'!G7 -> 847.5298 | H73: =Drivers!H36*'Operating Model'!H7 -> 866.59922 | I73: =Drivers!I36*'Operating Model'!I7 -> 886.0977 | J73: =Drivers!J36*'Operating Model'!J7 -> 906.0349 | K73: =Drivers!K36*'Operating Model'!K7 -> 926.42069
C74: Deferred tax liabilities | E74: 78 | F74: 66 | G74: =Drivers!G37 -> 70 | H74: =Drivers!H37 -> 72 | I74: =Drivers!I37 -> 75 | J74: =Drivers!J37 -> 77 | K74: =Drivers!K37 -> 80
C75: Total Liabilities | E75: =SUM(E72:E74,E70) -> 5359 | F75: =SUM(F72:F74,F70) -> 5360 | G75: =SUM(G72:G74,G70) -> 4247.6241 | H75: =SUM(H72:H74,H70) -> 3473.0603 | I75: =SUM(I72:I74,I70) -> 2622.6466 | J75: =SUM(J72:J74,J70) -> 1827.7382 | K75: =SUM(K72:K74,K70) -> 1870.1298
C77: Shareholders' equity | E77: 230 | F77: 246 | G77: =G105 -> 847.14127 | H77: =H105 -> 1520.9176 | I77: =I105 -> 2268.7261 | J77: =J105 -> 3090.6457 | K77: =K105 -> 3965.9319
C78: Total Shareholders' Equity | E78: =E77 -> 230 | F78: =F77 -> 246 | G78: =G77 -> 847.14127 | H78: =H77 -> 1520.9176 | I78: =I77 -> 2268.7261 | J78: =J77 -> 3090.6457 | K78: =K77 -> 3965.9319
C80: Total Liabilities and Shareholders' Equity | E80: =E78+E75 -> 5589 | F80: =F78+F75 -> 5606 | G80: =G78+G75 -> 5094.7654 | H80: =H78+H75 -> 4993.9779 | I80: =I78+I75 -> 4891.3726 | J80: =J78+J75 -> 4918.384 | K80: =K78+K75 -> 5836.0618
C82: check | E82: =E65-E80 -> 0 | F82: =F65-F80 -> 0 | G82: =G65-G80 -> -4.7385583e-08 | H82: =H65-H80 -> -3.100804e-07 | I82: =I65-I80 -> -9.5357791e-07 | J82: =J65-J80 -> 0 | K82: =K65-K80 -> 0
D85: =D4 -> Hist-3 | E85: =E4 -> Hist-2 | F85: =F4 -> Hist-1 | G85: =G4 -> Proj-1 | H85: =H4 -> Proj-2 | I85: =I4 -> Proj-3 | J85: =J4 -> Proj-4 | K85: =K4 -> Proj-5
B86: Detailed Balance Sheet Schedules
C88: PP&E Schedule
C89: Beginning of Period | G89: =F92 -> 1005 | H89: =G92 -> 881.13026 | I89: =H92 -> 754.47345 | J89: =I92 -> 624.96686 | K89: =J92 -> 492.54638
C90: Plus: Capital Expenditures | D90: 86 | E90: 92 | F90: 101 | G90: =Drivers!G28*'Operating Model'!G7 -> 104.31136 | H90: =Drivers!H28*'Operating Model'!H7 -> 106.65837 | I90: =Drivers!I28*'Operating Model'!I7 -> 109.05818 | J90: =Drivers!J28*'Operating Model'!J7 -> 111.51199 | K90: =Drivers!K28*'Operating Model'!K7 -> 114.02101
C91: Less: Depreciation | G91: =G18 -> 228.1811 | H91: =H18 -> 233.31517 | I91: =I18 -> 238.56477 | J91: =J18 -> 243.93247 | K91: =K18 -> 249.42095
C92: End of Period | F92: =F60 -> 1005 | G92: =G89+G90-G91 -> 881.13026 | H92: =H89+H90-H91 -> 754.47345 | I92: =I89+I90-I91 -> 624.96686 | J92: =J89+J90-J91 -> 492.54638 | K92: =K89+K90-K91 -> 357.14643
C94: Intangibles Schedule
C95: Beginning of Period | G95: =F98 -> 826 | H95: =G98 -> 806 | I95: =H98 -> 786 | J95: =I98 -> 766 | K95: =J98 -> 746
C96: Plus: New Purchases | G96: =Drivers!G30 -> 5 | H96: =Drivers!H30 -> 5 | I96: =Drivers!I30 -> 5 | J96: =Drivers!J30 -> 5 | K96: =Drivers!K30 -> 5
C97: Less: Amortization | G97: =G17 -> 25 | H97: =H17 -> 25 | I97: =I17 -> 25 | J97: =J17 -> 25 | K97: =K17 -> 25
C98: End of Period | F98: =F62 -> 826 | G98: =G95+G96-G97 -> 806 | H98: =H95+H96-H97 -> 786 | I98: =I95+I96-I97 -> 766 | J98: =J95+J96-J97 -> 746 | K98: =K95+K96-K97 -> 726
C100: Shareholders' Equity
C101: Beginning of Period | G101: =F105 -> 246 | H101: =G105 -> 847.14127 | I101: =H105 -> 1520.9176 | J101: =I105 -> 2268.7261 | K101: =J105 -> 3090.6457
C102: Plus: Net Income | G102: =G34 -> 853.72627 | H102: =H34 -> 930.00011 | I102: =I34 -> 1007.7256 | J102: =J34 -> 1085.5856 | K102: =K34 -> 1142.7571
C103: Less: Dividends | G103: =G46 -> 242.585 | H103: =H46 -> 246.22377 | I103: =I46 -> 249.91713 | J103: =J46 -> 253.66589 | K103: =K46 -> 257.47088
C104: Share Issuances / (Repurchases) | G104: =Drivers!G40 -> -10 | H104: =Drivers!H40 -> -10 | I104: =Drivers!I40 -> -10 | J104: =Drivers!J40 -> -10 | K104: =Drivers!K40 -> -10
C105: End of Period | F105: =F77 -> 246 | G105: =G101+G102-G103+G104 -> 847.14127 | H105: =H101+H102-H103+H104 -> 1520.9176 | I105: =I101+I102-I103+I104 -> 2268.7261 | J105: =J101+J102-J103+J104 -> 3090.6457 | K105: =K101+K102-K103+K104 -> 3965.9319
C107: Operating Working Capital (OWC)
C108: =C55 -> Accounts receivable | E108: =E55 -> 732 | F108: =F55 -> 810 | G108: =G55 -> 827.97142 | H108: =H55 -> 846.60078 | I108: =I55 -> 865.64929 | J108: =J55 -> 885.1264 | K108: =K55 -> 905.04175
C109: =C56 -> Inventories | E109: =E56 -> 777 | F109: =F56 -> 796 | G109: =G56 -> 780.37936 | H109: =H56 -> 797.9379 | I109: =I56 -> 815.8915 | J109: =J56 -> 834.24906 | K109: =K56 -> 853.01966
C110: =C57 -> Prepaid expenses & other current assets | E110: =E57 -> 117 | F110: =F57 -> 122 | G110: =G57 -> 130.3892 | H110: =H57 -> 133.32296 | I110: =I57 -> 136.32272 | J110: =J57 -> 139.38998 | K110: =K57 -> 142.52626
C112: =C68 -> Accounts payable | E112: =E68 -> 581 | F112: =F68 -> 585 | G112: =G68 -> 594.57475 | H112: =H68 -> 607.95268 | I112: =I68 -> 621.63162 | J112: =J68 -> 635.61833 | K112: =K68 -> 649.91974
C113: =C69 -> Other current liabilities | E113: =E69 -> 122 | F113: =F69 -> 188 | G113: =G69 -> 195.5838 | H113: =H69 -> 199.98444 | I113: =I69 -> 204.48409 | J113: =J69 -> 209.08498 | K113: =K69 -> 213.78939
C114: Total Operating Working Capital | E114: =SUM(E108:E110)-SUM(E112:E113) -> 923 | F114: =SUM(F108:F110)-SUM(F112:F113) -> 955 | G114: =SUM(G108:G110)-SUM(G112:G113) -> 948.58143 | H114: =SUM(H108:H110)-SUM(H112:H113) -> 969.92451 | I114: =SUM(I108:I110)-SUM(I112:I113) -> 991.74781 | J114: =SUM(J108:J110)-SUM(J112:J113) -> 1014.0621 | K114: =SUM(K108:K110)-SUM(K112:K113) -> 1036.8785
D117: =D4 -> Hist-3 | E117: =E4 -> Hist-2 | F117: =F4 -> Hist-1 | G117: =G4 -> Proj-1 | H117: =H4 -> Proj-2 | I117: =I4 -> Proj-3 | J117: =J4 -> Proj-4 | K117: =K4 -> Proj-5
B118: Cash Flow Statement
C120: Net income | G120: =G34 -> 853.72627 | H120: =H34 -> 930.00011 | I120: =I34 -> 1007.7256 | J120: =J34 -> 1085.5856 | K120: =K34 -> 1142.7571
C121: + Depreciation | G121: =G18 -> 228.1811 | H121: =H18 -> 233.31517 | I121: =I18 -> 238.56477 | J121: =J18 -> 243.93247 | K121: =K18 -> 249.42095
C122: + Amortization | G122: =G17 -> 25 | H122: =H17 -> 25 | I122: =I17 -> 25 | J122: =J17 -> 25 | K122: =K17 -> 25
C123: Change in OWC | G123: =F114-G114 -> 6.41857 | H123: =G114-H114 -> -21.343082 | I123: =H114-I114 -> -21.823302 | J123: =I114-J114 -> -22.314326 | K123: =J114-K114 -> -22.816398
C124: Change in goodwill | G124: =F61-G61 -> 0 | H124: =G61-H61 -> 0 | I124: =H61-I61 -> 0 | J124: =I61-J61 -> 0 | K124: =J61-K61 -> 0
C125: Change in other long-term assets | G125: =F63-G63 -> -7.70056 | H125: =G63-H63 -> -5.2807626 | I125: =H63-I63 -> -5.3995798 | J125: =I63-J63 -> -5.5210703 | K125: =J63-K63 -> -5.6452944
C126: Change in other LT liabilities | G126: =G73-F73 -> 16.5298 | H126: =H73-G73 -> 19.06942 | I126: =I73-H73 -> 19.498482 | J126: =J73-I73 -> 19.937198 | K126: =K73-J73 -> 20.385785
C127: Change in deferred tax liabilities | G127: =G74-F74 -> 4 | H127: =H74-G74 -> 2 | I127: =I74-H74 -> 3 | J127: =J74-I74 -> 2 | K127: =K74-J74 -> 3
C128: Cash Flow From Operations | G128: =SUM(G120:G127) -> 1126.1552 | H128: =SUM(H120:H127) -> 1182.7609 | I128: =SUM(I120:I127) -> 1266.566 | J128: =SUM(J120:J127) -> 1348.6198 | K128: =SUM(K120:K127) -> 1412.1021
C130: Capex | G130: =G90*-1 -> -104.31136 | H130: =H90*-1 -> -106.65837 | I130: =I90*-1 -> -109.05818 | J130: =J90*-1 -> -111.51199 | K130: =K90*-1 -> -114.02101
C131: Purchase of intangibles | G131: =G96*-1 -> -5 | H131: =H96*-1 -> -5 | I131: =I96*-1 -> -5 | J131: =J96*-1 -> -5 | K131: =K96*-1 -> -5
C132: Cash Flow From Investing | G132: =SUM(G130:G131) -> -109.31136 | H132: =SUM(H130:H131) -> -111.65837 | I132: =SUM(I130:I131) -> -114.05818 | J132: =SUM(J130:J131) -> -116.51199 | K132: =SUM(K130:K131) -> -119.02101
C134: Dividends | G134: =G46*-1 -> -242.585 | H134: =H46*-1 -> -246.22377 | I134: =I46*-1 -> -249.91713 | J134: =J46*-1 -> -253.66589 | K134: =K46*-1 -> -257.47088
C135: Share (repurchase) / issuance | G135: =G104 -> -10 | H135: =H104 -> -10 | I135: =I104 -> -10 | J135: =J104 -> -10 | K135: =K104 -> -10
C137: Cash Flow Available for Debt Repayment | G137: =G128+G132+G134+G135 -> 764.25882 | H137: =H128+H132+H134+H135 -> 814.87872 | I137: =I128+I132+I134+I135 -> 892.59066 | J137: =J128+J132+J134+J135 -> 968.44196 | K137: =K128+K132+K134+K135 -> 1025.6102
...

Sheet Summary Stats
B2: Summary Statistics
D4: ='Operating Model'!D4 -> Hist-3 | E4: ='Operating Model'!E4 -> Hist-2 | F4: ='Operating Model'!F4 -> Hist-1 | G4: ='Operating Model'!G4 -> Proj-1 | H4: ='Operating Model'!H4 -> Proj-2 | I4: ='Operating Model'!I4 -> Proj-3 | J4: ='Operating Model'!J4 -> Proj-4 | K4: ='Operating Model'!K4 -> Proj-5
B5: Summary Statistics
B6: Growth
C7: Total Sales | D7: ='Operating Model'!D7 -> 6056 | E7: ='Operating Model'!E7 -> 6296 | F7: ='Operating Model'!F7 -> 6376 | G7: ='Operating Model'!G7 -> 6519.46 | H7: ='Operating Model'!H7 -> 6666.1478 | I7: ='Operating Model'!I7 -> 6816.1362 | J7: ='Operating Model'!J7 -> 6969.4992 | K7: ='Operating Model'!K7 -> 7126.313
C8: Total Sales growth % | E8: =E7/D7-1 -> 0.039630119 | F8: =F7/E7-1 -> 0.01270648 | G8: =G7/F7-1 -> 0.0225 | H8: =H7/G7-1 -> 0.0225 | I8: =I7/H7-1 -> 0.0225 | J8: =J7/I7-1 -> 0.0225 | K8: =K7/J7-1 -> 0.0225
C9: EBIT | D9: ='Operating Model'!D20 -> 1248 | E9: ='Operating Model'!E20 -> 1293 | F9: ='Operating Model'!F20 -> 1157 | G9: ='Operating Model'!G20 -> 1304.9698 | H9: ='Operating Model'!H20 -> 1354.8926 | I9: ='Operating Model'!I20 -> 1406.3886 | J9: ='Operating Model'!J20 -> 1452.5338 | K9: ='Operating Model'!K20 -> 1485.7784
C10: EBIT growth % | E10: =E9/D9-1 -> 0.036057692 | F10: =F9/E9-1 -> -0.10518175 | G10: =G9/F9-1 -> 0.12789096 | H10: =H9/G9-1 -> 0.038255876 | I10: =I9/H9-1 -> 0.038007435 | J10: =J9/I9-1 -> 0.03281116 | K10: =K9/J9-1 -> 0.022887254
C11: EBITDA | D11: ='Operating Model'!D22 -> 1472 | E11: ='Operating Model'!E22 -> 1528 | F11: ='Operating Model'!F22 -> 1411 | G11: ='Operating Model'!G22 -> 1558.1509 | H11: ='Operating Model'!H22 -> 1613.2078 | I11: ='Operating Model'!I22 -> 1669.9534 | J11: ='Operating Model'!J22 -> 1721.4663 | K11: ='Operating Model'!K22 -> 1760.1993
C12: EBITDA growth % | E12: =E11/D11-1 -> 0.038043478 | F12: =F11/E11-1 -> -0.076570681 | G12: =G11/F11-1 -> 0.10428841 | H12: =H11/G11-1 -> 0.035334728 | I12: =I11/H11-1 -> 0.03517562 | J12: =J11/I11-1 -> 0.030846939 | K12: =K11/J11-1 -> 0.0225
C13: Cash from Operations (CFO) | D13: 1199 | E13: 1204 | F13: 1234 | G13: ='Operating Model'!G128 -> 1126.1552 | H13: ='Operating Model'!H128 -> 1182.7609 | I13: ='Operating Model'!I128 -> 1266.566 | J13: ='Operating Model'!J128 -> 1348.6198 | K13: ='Operating Model'!K128 -> 1412.1021
C14: CFO growth % | E14: =E13/D13-1 -> 0.0041701418 | F14: =F13/E13-1 -> 0.024916944 | G14: =G13/F13-1 -> -0.087394506 | H14: =H13/G13-1 -> 0.050264547 | I14: =I13/H13-1 -> 0.070855496 | J14: =J13/I13-1 -> 0.064784522 | K14: =K13/J13-1 -> 0.047072039
B16: Profitability
C17: EBIT margin % | D17: =D9/D7 -> 0.20607662 | E17: =E9/E7 -> 0.20536849 | F17: =F9/F7 -> 0.18146173 | G17: =G9/G7 -> 0.20016533 | H17: =H9/H7 -> 0.20324971 | I17: =I9/I7 -> 0.20633223 | J17: =J9/J7 -> 0.20841294 | K17: =K9/K7 -> 0.20849187
C18: EBITDA margin % | D18: =D11/D7 -> 0.24306473 | E18: =E11/E7 -> 0.24269377 | F18: =F11/F7 -> 0.22129862 | G18: =G11/G7 -> 0.239 | H18: =H11/H7 -> 0.242 | I18: =I11/I7 -> 0.245 | J18: =J11/J7 -> 0.247 | K18: =K11/K7 -> 0.247
C19: CFO margin % | D19: =D13/D7 -> 0.19798547 | E19: =E13/E7 -> 0.19123253 | F19: =F13/F7 -> 0.19353827 | G19: =G13/G7 -> 0.17273749 | H19: =H13/H7 -> 0.17742794 | I19: =I13/I7 -> 0.18581876 | J19: =J13/J7 -> 0.19350312 | K19: =K13/K7 -> 0.19815326
C20: Net Income margin % | D20: ='Operating Model'!D34/D7 -> 0.13193527 | E20: ='Operating Model'!E34/E7 -> 0.13437103 | F20: ='Operating Model'!F34/F7 -> 0.12845044 | G20: ='Operating Model'!G34/G7 -> 0.13095046 | H20: ='Operating Model'!H34/H7 -> 0.13951087 | I20: ='Operating Model'!I34/I7 -> 0.14784411 | J20: ='Operating Model'!J34/J7 -> 0.15576235 | K20: ='Operating Model'!K34/K7 -> 0.16035741
B22: Asset Management
C23: Capex / Total Sales | D23: ='Operating Model'!D90/'Operating Model'!D7 -> 0.014200793 | E23: ='Operating Model'!E90/'Operating Model'!E7 -> 0.014612452 | F23: ='Operating Model'!F90/'Operating Model'!F7 -> 0.015840652 | G23: ='Operating Model'!G90/'Operating Model'!G7 -> 0.016 | H23: ='Operating Model'!H90/'Operating Model'!H7 -> 0.016 | I23: ='Operating Model'!I90/'Operating Model'!I7 -> 0.016 | J23: ='Operating Model'!J90/'Operating Model'!J7 -> 0.016 | K23: ='Operating Model'!K90/'Operating Model'!K7 -> 0.016
C24: Replenishment Ratio | D24: ='Operating Model'!D90/'Operating Model'!D18 -> 0.43 | E24: ='Operating Model'!E90/'Operating Model'!E18 -> 0.43601896 | F24: ='Operating Model'!F90/'Operating Model'!F18 -> 0.44104803 | G24: ='Operating Model'!G90/'Operating Model'!G18 -> 0.45714286 | H24: ='Operating Model'!H90/'Operating Model'!H18 -> 0.45714286 | I24: ='Operating Model'!I90/'Operating Model'!I18 -> 0.45714286 | J24: ='Operating Model'!J90/'Operating Model'!J18 -> 0.45714286 | K24: ='Operating Model'!K90/'Operating Model'!K18 -> 0.45714286
C25: OWC / Sales | E25: ='Operating Model'!E114/'Operating Model'!E7 -> 0.14660102 | F25: ='Operating Model'!F114/'Operating Model'!F7 -> 0.14978043 | G25: ='Operating Model'!G114/'Operating Model'!G7 -> 0.1455 | H25: ='Operating Model'!H114/'Operating Model'!H7 -> 0.1455 | I25: ='Operating Model'!I114/'Operating Model'!I7 -> 0.1455 | J25: ='Operating Model'!J114/'Operating Model'!J7 -> 0.1455 | K25: ='Operating Model'!K114/'Operating Model'!K7 -> 0.1455
B27: Equity Statistics
C28: Basic EPS | D28: ='Operating Model'!D43 -> 19.05148 | E28: ='Operating Model'!E43 -> 19.838951 | F28: ='Operating Model'!F43 -> 19.171348 | G28: ='Operating Model'!G43 -> 19.984229 | H28: ='Operating Model'!H43 -> 21.769665 | I28: ='Operating Model'!I43 -> 23.589082 | J28: ='Operating Model'!J43 -> 25.411647 | K28: ='Operating Model'!K43 -> 26.749932
C29: Basic EPS growth % | E29: =E28/D28-1 -> 0.041333891 | F29: =F28/E28-1 -> -0.033651123 | G29: =G28/F28-1 -> 0.042400817 | H29: =H28/G28-1 -> 0.089342266 | I29: =I28/H28-1 -> 0.083575787 | J29: =J28/I28-1 -> 0.077263059 | K29: =K28/J28-1 -> 0.052664218
C30: Diluted EPS | D30: ='Operating Model'!D44 -> 18.313927 | E30: ='Operating Model'!E44 -> 19.426057 | F30: ='Operating Model'!F44 -> 18.772348 | G30: ='Operating Model'!G44 -> 19.568311 | H30: ='Operating Model'!H44 -> 21.316588 | I30: ='Operating Model'!I44 -> 23.098139 | J30: ='Operating Model'!J44 -> 24.882772 | K30: ='Operating Model'!K44 -> 26.193203
C31: Diluted EPS growth % | E31: =E30/D30-1 -> 0.060725907 | F31: =F30/E30-1 -> -0.033651123 | G31: =G30/F30-1 -> 0.042400817 | H31: =H30/G30-1 -> 0.089342266 | I31: =I30/H30-1 -> 0.083575787 | J31: =J30/I30-1 -> 0.077263059 | K31: =K30/J30-1 -> 0.052664218
C32: Dividend Payout Ratio | D32: ='Operating Model'!D46/'Operating Model'!D34 -> 0.2853567 | E32: ='Operating Model'!E46/'Operating Model'!E34 -> 0.27777778 | F32: ='Operating Model'!F46/'Operating Model'!F34 -> 0.29181929 | G32: ='Operating Model'!G46/'Operating Model'!G34 -> 0.28414845 | H32: ='Operating Model'!H46/'Operating Model'!H34 -> 0.26475672 | I32: ='Operating Model'!I46/'Operating Model'!I34 -> 0.24800117 | J32: ='Operating Model'!J46/'Operating Model'!J34 -> 0.23366734 | K32: ='Operating Model'!K46/'Operating Model'!K34 -> 0.22530674
B34: Credit Statistics
C35: Cash | E35: ='Operating Model'!E54 -> 141 | F35: ='Operating Model'!F54 -> 451 | G35: ='Operating Model'!G54 -> 65.1946 | H35: ='Operating Model'!H54 -> 66.661478 | I35: ='Operating Model'!I54 -> 68.161361 | J35: ='Operating Model'!J54 -> 201.17016 | K35: ='Operating Model'!K54 -> 1226.7804
C36: Total Debt | E36: ='Operating Model'!E67+'Operating Model'!E72 -> 3738 | F36: ='Operating Model'!F67+'Operating Model'!F72 -> 3690 | G36: ='Operating Model'!G67+'Operating Model'!G72 -> 2539.9358 | H36: ='Operating Model'!H67+'Operating Model'!H72 -> 1726.5239 | I36: ='Operating Model'!I67+'Operating Model'!I72 -> 835.43317 | J36: ='Operating Model'!J67+'Operating Model'!J72 -> 0 | K36: ='Operating Model'!K67+'Operating Model'!K72 -> 0
C37: Net Debt | E37: =E36-E35 -> 3597 | F37: =F36-F35 -> 3239 | G37: =G36-G35 -> 2474.7412 | H37: =H36-H35 -> 1659.8625 | I37: =I36-I35 -> 767.27181 | J37: =J36-J35 -> -201.17016 | K37: =K36-K35 -> -1226.7804
C38: Total Debt / EBITDA | E38: =E36/E11 -> 2.4463351 | F38: =F36/F11 -> 2.6151665 | G38: =G36/G11 -> 1.6300961 | H38: =H36/H11 -> 1.0702428 | I38: =I36/I11 -> 0.50027335 | J38: =J36/J11 -> 0 | K38: =K36/K11 -> 0
C39: Net Debt EBITDA | E39: =E37/E11 -> 2.3540576 | F39: =F37/F11 -> 2.2955351 | G39: =G37/G11 -> 1.5882551 | H39: =H37/H11 -> 1.0289204 | I39: =I37/I11 -> 0.45945703 | J39: =J37/J11 -> -0.11685977 | K39: =K37/K11 -> -0.69695539
C41: Total Interest Expense | E41: ='Operating Model'!E27 -> 95 | F41: ='Operating Model'!F27 -> 92 | G41: ='Operating Model'!G27 -> 188.09823 | H41: ='Operating Model'!H27 -> 132.85645 | I41: ='Operating Model'!I27 -> 82.119146 | J41: ='Operating Model'!J27 -> 27.498428 | K41: ='Operating Model'!K27 -> 0
C42: Net Interest Expense | E42: ='Operating Model'!E27-'Operating Model'!E26 -> 89 | F42: ='Operating Model'!F27-'Operating Model'!F26 -> 89 | G42: ='Operating Model'!G27-'Operating Model'!G26 -> 181.6458 | H42: ='Operating Model'!H27-'Operating Model'!H26 -> 131.20825 | I42: ='Operating Model'!I27-'Operating Model'!I26 -> 80.433861 | J42: ='Operating Model'!J27-'Operating Model'!J26 -> 24.131784 | K42: ='Operating Model'!K27-'Operating Model'!K26 -> -17.849382
C43: EBIT / Total Interest Expense | E43: =E$9/E41 -> 13.610526 | F43: =F$9/F41 -> 12.576087 | G43: =G$9/G41 -> 6.9377038 | H43: =H$9/H41 -> 10.198169 | I43: =I$9/I41 -> 17.126196 | J43: =J$9/J41 -> 52.822431 | K43: =K$9/K41 -> #DIV/0!
C44: EBIT / Net Interest Expense | E44: =E$9/E42 -> 14.52809 | F44: =F$9/F42 -> 13 | G44: =G$9/G42 -> 7.1841454 | H44: =H$9/H42 -> 10.326276 | I44: =I$9/I42 -> 17.485032 | J44: =J$9/J42 -> 60.19173 | K44: =K$9/K42 -> -83.239766
C46: Revolver Capacity | E46: ='Operating Model'!$E$161-'Operating Model'!E67 -> 754 | F46: ='Operating Model'!$E$161-'Operating Model'!F67 -> 635 | G46: ='Operating Model'!$E$161-'Operating Model'!G67 -> 1785.0642 | H46: ='Operating Model'!$E$161-'Operating Model'!H67 -> 2100 | I46: ='Operating Model'!$E$161-'Operating Model'!I67 -> 2100 | J46: ='Operating Model'!$E$161-'Operating Model'!J67 -> 2100 | K46: ='Operating Model'!$E$161-'Operating Model'!K67 -> 2100
C47: Revolver Capacity + Cash | E47: =E46+E35 -> 895 | F47: =F46+F35 -> 1086 | G47: =G46+G35 -> 1850.2588 | H47: =H46+H35 -> 2166.6615 | I47: =I46+I35 -> 2168.1614 | J47: =J46+J35 -> 2301.1702 | K47: =K46+K35 -> 3326.7804
